 Dungeon Crawl Stone Soup version 0.30-a0-996-ga6910c8ee8 (webtiles) character file.

Game seed: 320654298649336830

8 jimonade the Magician (level 2, -2/21 HPs)
             Began as a Djinni Fire Elementalist on Apr 4, 2023.
             Slain by a goblin
             ... wielding a +0 club
             ... led by Robin
              (3 damage)
             ... on level 2 of the Dungeon.
             The game lasted 00:01:16 (734 turns).

jimonade the Magician (Djinni Fire Elementalist)     Turns: 734, Time: 00:01:17

Health: -2/21      AC:  9    Str:  7    XL:     2   Next: 15%
Gold:   60         EV:  7    Int: 16    God:
                   SH:  0    Dex: 13

rFire   + + .      SeeInvis .    d - +0 lajatang
rCold   x . .      Faith    .    (shield currently unavailable)
rNeg    . . .      Spirit   .    h - +0 ring mail
rPois   ∞          Reflect  .    (no helmet)
rElec   .          Rampage  .    (no cloak)
rCorr   .                        (no gloves)
Will    .....                    (boots unavailable)
Stlth   +                        (no amulet)
HPRegen 0.23/turn                e - +4 ring of protection
MPRegen 0.00/turn                (no ring)

@: flying, constricted
A: sickness immunity, fire resistance 2, cold vulnerability 1, float, innate
caster, HP casting, extra vitality 1
a: no special abilities


You were on level 2 of the Dungeon.
You visited 1 branch of the dungeon, and saw 2 of its levels.

You collected 60 gold pieces.

Inventory:

Hand Weapons
 d - a +0 lajatang (weapon)
Missiles
 g - 6 poisoned darts
Armour
 a - a +0 robe
 h - a +0 ring mail (worn)
 k - a +0 leather armour
Jewellery
 e - a +4 ring of protection (left hand)
Scrolls
 f - a scroll of identify {unknown}
 i - a scroll of teleportation {unknown}
Potions
 b - a potion of mutation {unknown}
 c - a potion of berserk rage {unknown}
 j - a potion of heal wounds {unknown}


   Skills:
 + Level 2.1 Dodging
 - Level 1.5 Stealth
 + Level 2.8 Spellcasting


You knew the following spells:

 Your Spells              Type           Power      Damage    Failure   Level
a - Foxfire               Conj/Fire      44%        2x1d6     21%         1
b - Scorch                Fire           22%        2d6       30%         2
c - Kindle Blastsparks    Fire/Tloc/Air  22%        2d11      52%         3
d - Inner Flame           Hex/Fire       11%        N/A       52%         3
e - Flame Wave            Conj/Fire      11%        2d6       90%         4
Your spell library was empty.

Dungeon Overview and Level Annotations

Branches:
Dungeon (2/15)

Altars:

Annotations:
D:2 Robin


Innate Abilities, Weirdness & Mutations

You are immune to sickness and miasma.
You are immune to poison.
Your flesh is very heat resistant. (rF++)
You are vulnerable to cold. (rC-)
You float through the air rather than walking.
You learn spells naturally, not from books.
Your magical power is your life essence.
You have superior vitality. (+4 MHP)


Message History

The goblins go into a battle-frenzy!
The ball python bites you but does no damage.
The ball python closely misses you.
The ball python attacks as you move away!
The ball python barely misses you.
The goblin shouts!
A rat comes into view.
The goblin hits you with a +0 club.
A kobold comes into view. It is wielding a +0 short sword.
The ball python misses you. The ball python barely misses you.
The goblin barely misses you. The goblin hits you but does no damage.
The ball python bites you but does no damage.
The ball python barely misses you.
You miss the goblin. The goblin barely misses you.
Robin's bangles clink loudly.
The hobgoblin hits you but does no damage.
The goblin misses you.
The goblin hits you but does no damage. x3
The endoplasm freezes you.
You are frozen.
You feel a terrible chill!
The ball python bites you but does no damage.
The ball python barely misses you. The goblin hits you with a +0 dagger.
The goblin hits you but does no damage.
The hobgoblin hits you but does no damage.
The goblin hits you with a +0 club.
* * * LOW HITPOINT WARNING * * *
The goblin barely misses you.
The endoplasm hits you but does no damage.
You closely miss the goblin.
The kobold shouts!
The ball python bites you but does no damage.
The ball python barely misses you. The goblin hits you but does no damage.
The goblin misses you. The hobgoblin hits you.
* * * LOW HITPOINT WARNING * * *
The goblin misses you. The endoplasm barely misses you.
The goblin hits you but does no damage. x2; The ball python misses you.
The ball python barely misses you.
You closely miss the goblin. The ball python misses you.
The ball python grabs you. The ball python constricts you.
The goblin barely misses you. The goblin hits you with a +0 club.
You die...

.............g.
.............. ..
............#######...
...............#.......
?.......................
.......<....g...........
..........gKg.........#
#...##...gggggr...)...###
... #.K..gg@g...........
. #.....gJS........###.#
#.........gg..........
..........g>.....#
...............[.#
..##..............# .
#.................
#...............#.#
#...............# #


You could see Robin, 3 gnolls, an endoplasm, 2 hobgoblins, 9 goblins, a ball
python, 2 kobolds and a rat.

Vanquished Creatures
  2 ball pythons (D:1)
  An endoplasm (D:1)
  A goblin (D:1)
  A hobgoblin (D:1)
  A quokka (D:1)
  A rat (D:1)
7 creatures vanquished.

Notes
Turn   | Place    | Note
-------+----------+-------------------------------------------
     0 | D:1      | jimonade the Djinni Fire Elementalist began the quest for
                  | the Orb.
     0 | D:1      | jimonade set off with the following spells memorised:
                  | Foxfire, Scorch, Kindle Blastsparks, Inner Flame, Flame
                  | Wave.
     0 | D:1      | Reached XP level 1. HP: 15/15 MP: 0/0
   699 | D:2      | Noticed Robin
   706 | D:1      | Reached XP level 2. HP: 19/21 MP: 0/0
   733 | D:2      | HP: 1/21 [hobgoblin[Robin] (4)]
   734 | D:2      | Slain by a goblin

Illustrated notes

Levels and vault maps discovered:
D:1:      nagdon_arrival_double_spiral, layout_basic
D:2:      layout_basic, serial_shops, shop, serial_glass, glass_columns_b,
          glass_columns_c, glass_columns_b, glass_columns_b, glass_columns_a,
          roderic_roman_lattice, kennysheep_generic_room_15, uniq_terence,
          uniq_robin

Action                     || total
---------------------------++-------
  Melee: Lajatang          ||    26
 Armour: Ring mail         ||    29
         Robe              ||     1
  Dodge: Dodged            ||    33

Table legend: (Time is in decaauts)
 A = Elapsed time spent in this place.
 B = Non-inter-level travel time spent in this place.
 C = Inter-level travel time spent in this place.
 D = Time resting spent in this place.
 E = Time spent auto-exploring this place.
 F = Levels seen in this place.
 G = Mean time per level.
                   A        B        C        D        E       F      G
               +--------+--------+--------+--------+--------+-----+--------+
         Total |    743 |    692 |     51 |      0 |    539 |   2 |  371.5 |
       Dungeon |    743 |    692 |     51 |      0 |    539 |   2 |  371.5 |
               +--------+--------+--------+--------+--------+-----+--------+

Top non-repeatable levels by time:
     D:1: 726 daAuts
     D:2: 16 daAuts
